 Dungeon Crawl Stone Soup version 0.17-a0-1945-gfe993df (webtiles) character file.

180 Ordine the Skirmisher (level 5, -6/38 HPs)
             Began as an Octopode Fighter on Oct 1, 2015.
             Was a Follower of Dithmenos.
             Killed by nerve-wracking pain
             ... invoked by Menkaure
              (10 damage)
             ... on level 4 of the Dungeon.
             The game lasted 00:15:36 (2502 turns).

Ordine the Skirmisher (Octopode Fighter)            Turns: 2502, Time: 00:15:36

Health: -6/38      AC:  3    Str: 16    XL:     5   Next: 60%
Magic:  5/5        EV: 10    Int: 10    God:    Dithmenos [*.....]
Gold:   159        SH:  8    Dex: 12    Spells: 0 memorised, 4 levels left

rFire  . . .     SeeInvis .     a - +0 long sword
rCold  . . .     Clarity  .     b - +0 shield
rNeg   . . .     SustAt   .     (helmet restricted)
rPois  .         Gourm    .     (no amulet)
rElec  .         Spirit   .     q - +2 ring of protection
rCorr  .         Warding  .     (no ring)
rMut   .         Stasis   .     (no ring)
MR     .....                    (no ring)
Stlth  +++.......               (no ring)
                                (no ring)
                                (no ring)
                                (no ring)

@: wreathed by umbra, not resistant to hostile enchantments, fairly stealthy
A: almost no armour, amphibious, 8 rings, constrict 8, camouflage 1, gelatinous
body 1
a: Renounce Religion


You were on level 4 of the Dungeon.
You worshipped Dithmenos.
Dithmenos was aware of your devotion.
You were hungry.

You visited 1 branch of the dungeon, and saw 4 of its levels.

You collected 159 gold pieces.

Inventory:

Hand weapons
 a - a +0 long sword (weapon)
 g - a +3 dagger of venom
Armour
 b - a +0 shield (worn)
Jewellery
 q - a +2 ring of protection (left tentacle)
Scrolls
 l - a scroll of remove curse
 o - a scroll of enchant weapon
Potions
 c - 2 potions of might
 e - 2 potions of curing
 h - a potion of resistance
 i - a potion of invisibility {unknown}
 j - a potion of flight {unknown}
 m - 5 potions of poison {unknown}
 n - 2 potions of haste {unknown}
 r - a potion of magic {unknown}
Books
 k - a book of Geomancy

   Spells                             Type                      Level
   a - Sandblast                      Earth                        1
   b - Stoneskin                      Transmutation/Earth          2
   c - Passwall                       Transmutation/Earth          3
   d - Stone Arrow                    Conjuration/Earth            3
   e - Petrify                        Transmutation/Earth          4
   f - Lee's Rapid Deconstruction     Earth                        5
Comestibles
 d - 5 bread rations
 f - a slice of pizza
 p - 2 meat rations


   Skills:
 + Level 4.8 Fighting
 + Level 4.2 Long Blades
 - Level 3.0 Dodging
 - Level 3.0 Shields


You had 4 spell levels left.
You didn't know any spells.

Dungeon Overview and Level Annotations

Branches:
Dungeon (4/15)
 Temple: D:4-7

Altars:
Ashenzari
Dithmenos
Kikubaaqudgha
Okawaru
Qazlal
Ru
Sif Muna
Vehumet
Xom
Yredelemnul

Annotations:
D:4 Menkaure


Innate Abilities, Weirdness & Mutations

You cannot wear most types of armour.
You are amphibious.
You can wear up to eight rings at the same time.
You can use your tentacles to constrict eight enemies at once.
Your skin changes colour to match your surroundings (Stealth).
Your rubbery body absorbs attacks (AC +1).


Message History

An open door.
Wield which item (- for none, * to show all)? (? for menu, Esc to quit)
Your +3 dagger of venom stops dripping with poison.
a - a +0 long sword (weapon)
Menkaure gestures wildly while chanting.
Menkaure seems to speed up.
Menkaure points at you and mumbles some strange words.
Pain shoots through your body!
* * * LOW HITPOINT WARNING * * *
You are too injured to fight recklessly!
You are too injured to fight recklessly!
Your shield prevents you from hitting Menkaure.
You grab Menkaure. You constrict Menkaure.
Menkaure points at you and mumbles some strange words.
Pain shoots through your body!
* * * LOW HITPOINT WARNING * * *
You release your grip on Menkaure.
Menkaure points at you and mumbles some strange words.
Pain shoots through your body!
You die...

....... ....... ###...#
##############
#####+####+#####..#..........
..#...#...........#..........
..+...'......>....#..........
..#.>.#...........M..........
..#...#...........#..........
.###'#####..###.@.####'######
####..####..###...##.....
...........................
.............................
.............................
.............................
#############################


You could see Menkaure.

Vanquished Creatures
  2 orc wizards (D:3)
  A hound skeleton (D:4)
  A shadow imp (D:3)
  2 adders (D:2)
  2 worms (D:2)
  3 giant geckos
  3 orcs (D:3)
  2 giant cockroaches (D:2)
  9 hobgoblins
  10 jackals
  A quokka (D:4)
  2 ball pythons
  13 bats
  2 giant newts
  6 goblins
  2 jackal skeletons (D:4)
  7 kobolds
  7 rats
75 creatures vanquished.

Notes
Turn   | Place    | Note
--------------------------------------------------------------
     0 | D:1      | Ordine the Octopode Fighter began the quest for the Orb.
     0 | D:1      | Reached XP level 1. HP: 16/16 MP: 1/1
   110 | D:1      | Reached XP level 2. HP: 21/21 MP: 2/2
   768 | D:2      | Reached XP level 3. HP: 21/26 MP: 3/3
   971 | D:2      | Found a deep blue altar of Sif Muna.
  1241 | D:2      | Reached XP level 4. HP: 26/33 MP: 4/4
  1507 | D:2      | Found a shadowy altar of Dithmenos.
  1511 | D:2      | Reached skill level 4 in Fighting
  1518 | D:2      | Became a worshipper of Dithmenos the Shadowed
  1728 | D:3      | Reached XP level 5. HP: 22/38 MP: 5/5
  1764 | D:3      | Found a shimmering altar of Xom.
  1764 | D:3      | Found a sacrificial altar of Ru.
  1769 | D:3      | Found a basalt altar of Yredelemnul.
  1779 | D:3      | Found a stormy altar of Qazlal.
  2223 | D:3      | Found a shattered altar of Ashenzari.
  2223 | D:3      | Found a radiant altar of Vehumet.
  2223 | D:3      | Found an ancient bone altar of Kikubaaqudgha.
  2224 | D:3      | Found an iron altar of Okawaru.
  2256 | D:4      | Found an iron altar of Okawaru.
  2485 | D:4      | Noticed Menkaure
  2502 | D:4      | Killed from afar by Menkaure

Vault maps used:
D:1:      lightli_arrival_flooded_house, minmay_surrounded
D:2:      kennysheep_six_static_rooms, grunt_dithmenos_smoke_and_mirrors,
          lemuel_blue_sif_altar, serial_glass, glass_columns_c, glass_columns_a,
          due_unseen_surprise, minmay_strange_pillars
D:3:      grunt_temple_overflow_open, grunt_qazlal_sundering
D:4:      first_bread, okawaru_metal_pillars_1_2, uniq_sigmund, uniq_eustachio,
          uniq_menkaure

Action                   |  1- 3 |  4- 6 || total
-------------------------+-------+-------++-------
Melee: Long sword        |     8 |     1 ||     9
       Dagger            |    62 |    59 ||   121
  Use: Scroll            |     7 |     1 ||     8
 Stab: Distracted        |     2 |       ||     2
       Sleeping          |     6 |     8 ||    14
  Eat: Chunk             |     1 |     3 ||     4
